 Dungeon Crawl Stone Soup version 0.29.0-4-gdea44cf6ec (webtiles) character file.

Game seed: 12999377483704586609

50 qw the Chopper (level 3, -7/27 (29) HPs)
             Began as a Barachi Chaos Knight on Sept 7, 2022.
             Mangled by an orange demon (10 damage)
             ... summoned by Xom
             ... on level 2 of the Dungeon.
             The game lasted 00:00:52 (1954 turns).

qw the Chopper (Barachi Chaos Knight)               Turns: 1954, Time: 00:00:52

HP:   -7/27 (29)    AC:  5    Str: 13    XL:     3   Next: 79%
MP:   3/3           EV: 11    Int: 12    God:
Gold: 74            SH:  0    Dex: 11    Spells: 2/2 levels left

rFire   . . .      SeeInvis .   a - +0 war axe
rCold   + . .      Faith    .   (no shield)
rNeg    . . .      Spirit   .   b - +2 leather armour
rPois   .          Reflect  +   l - +2 hat
rElec   .          Harm     .   (no cloak)
rCorr   .          Rampage  .   (no gloves)
Will    .....                   (no boots)
Stlth   +.........              e - amulet of reflection
HPRegen 0.09/turn               f - ring of protection from cold
MPRegen 0.08/turn               (no ring)

@: confused, lethally poisoned (-7 -> -15), drained, slow
A: amphibious, slowness 1, strong legs 1, +LOS, deformed body, weak 1
a: Hop


You were on level 2 of the Dungeon.
You visited 1 branch of the dungeon, and saw 2 of its levels.

You collected 74 gold pieces.


Innate Abilities, Weirdness & Mutations

You are amphibious.
You cover ground slowly.
You can hop short distances.
You have an extended range of vision and can be seen from far away.
Armour fits poorly on your strangely shaped body.
You are weak. (Str -2)


   Skills:
 - Level 3.6 Fighting
 + Level 5.1 Axes
 - Level 2.4 Armour
 - Level 1.1 Dodging


You had 2 spell levels left.
You didn't know any spells.
Your spell library was empty.

Inventory:

Hand Weapons
 a - a +0 war axe (weapon)
 i - a +0 whip
Armour
 b - a +2 leather armour (worn)
 d - a +0 ring mail
 l - a +2 hat (worn)
Jewellery
 e - an amulet of reflection (around neck)
 f - a ring of protection from cold (left hand)
Scrolls
 g - a scroll of fog {unknown}
 k - a scroll of teleportation {unknown}
Potions
 h - a potion of mutation {unknown}
 j - a potion of heal wounds {unknown}
 m - a potion of haste {unknown}
Miscellaneous
 c - a piece from Xom's chessboard (15/15)

Dungeon Overview and Level Annotations

Branches:
Dungeon (2/15)

Altars:
Xom


Message History

You completely miss the worm. The worm bites you.
You hit the worm.
The worm is moderately wounded.
The worm bites you.
You slash the worm!
The worm is severely wounded.
You slash the worm!
You kill the worm!
You start resting.
HP restored. "Fight to survive, mortal."
The divine experience confuses you!
You are confused.
A shadow imp comes into view.
You're too confused to move!
You're too confused to move!
The quasit bites you but does no damage.
The quasit barely misses you.
The quasit claws you but does no damage.
The orange demon stings you!
You are lethally poisoned!
The orange demon poisons you! The orange demon hits you.
You miss the quasit. You closely miss the iron imp.
You hit the orange demon but do no damage.
You feel very sick.
The quasit bites you but does no damage.
The quasit closely misses you.
The quasit claws you but does no damage.
The iron imp hits you.
The orange demon stings you but does no damage.
The orange demon closely misses you. The quasit barely misses you.
The quasit claws you but does no damage.
The quasit barely misses you.
You hit the orange demon but do no damage.
You hit the iron imp. You hit the quasit.
You feel very sick. The iron imp barely misses you. The quasit misses you.
The quasit claws you but does no damage. x2
The crimson imp blinks!
The orange demon stings you!
You die...

#....## #.#..#
#..#..# #.#..#
#..##.# #.#..#
#########..##.###.#
#.................#
#..........##.###.#
#..........##5ยค##.#
#########....##54#.#
.............###@#.#
#########....# #5#.#
#....# #5#.# ####
#....# #5..# ...#
#....# ###>#
...######....#
...##........#
...##......###
...##......#


You could see an orange demon (summoned), an iron imp (summoned), 2 quasits, a
crimson imp (summoned) and a shadow imp (summoned).

Vanquished Creatures
  2 worms (D:2)
  4 ball pythons
  5 endoplasms (D:1)
  5 giant cockroaches
  2 goblins
  6 hobgoblins
  4 jackals (D:1)
  2 bats (D:1)
  A frilled lizard (D:2)
  3 kobolds
  5 rats
39 creatures vanquished.

Vanquished Creatures (others)
  9 fungi (D:1)
  A plant (D:1)
10 creatures vanquished.

Grand Total: 49 creatures vanquished

Notes
Turn   | Place    | Note
-------+----------+-------------------------------------------
     0 | D:1      | qw the Barachi Chaos Knight began the quest for the Orb.
     0 | D:1      | Reached XP level 1. HP: 18/18 MP: 1/1
     0 | D:1      | 0 ||| qw: Version: 0.1-a-108-g9e35731
     0 | D:1      | 0 ||| qw: Game counter: 6506
     0 | D:1      | 0 ||| qw: Always use a shield: true
     0 | D:1      | 0 ||| qw: God list: Okawaru
     0 | D:1      | 0 ||| qw: Allow faded altars: false
     0 | D:1      | 0 ||| qw: Do Orc after D:15 true
     0 | D:1      | 0 ||| qw: Do second Lair branch before Depths: true
     0 | D:1      | 0 ||| qw: Lair rune preference: random
     0 | D:1      | 0 ||| qw: Plans: Normal
     0 | D:1      | 0 ||| PLANNING D:1-11
     0 | D:1      | Fell from the grace of Xom
   202 | D:1      | Reached XP level 2. HP: 16/24 MP: 2/2
   334 | D:1      | Reached skill level 4 in Axes
   577 | D:1      | 577 ||| Stepping ~*~*~tactically~*~*~ (stealth).
   708 | D:1      | XOM: draining
  1020 | D:1      | 1020 ||| Stepping ~*~*~tactically~*~*~ (stealth).
  1024 | D:1      | Reached XP level 3. HP: 25/25 MP: 3/3
  1126 | D:1      | 1126 ||| UPGRADING to +2 hat.
  1131 | D:1      | 1131 ||| UPGRADING to amulet of reflection.
  1136 | D:1      | 1136 ||| UPGRADING to ring of protection from cold.
  1137 | D:1      | 1137 ||| READING scroll labelled YCSAISMURY.
  1138 | D:1      | 1138 ||| READING scroll labelled GUEMUDGHALLU.
  1139 | D:1      | 1139 ||| READING scroll labelled CAAMIFOURO.
  1331 | D:2      | Found a shimmering altar of Xom.
  1333 | D:2      | XOM: torment (14/26 hp)
  1334 | D:2      | 1334 ||| FLEEEEING.
  1341 | D:2      | 1341 ||| FLEEEEING.
  1342 | D:2      | 1342 ||| FLEEEEING.
  1350 | D:2      | 1350 ||| STAIRDANCE
  1477 | D:1      | 1477 ||| READING scroll labelled RUSHOS SABBUI.
  1478 | D:1      | 1478 ||| READING scroll labelled RYOPLY SA ZOXU.
  1514 | D:2      | 1514 ||| Stepping ~*~*~tactically~*~*~ (stealth).
  1522 | D:2      | 1522 ||| Stepping ~*~*~tactically~*~*~ (stealth).
  1583 | D:2      | XOM: give mutations
  1583 | D:2      | Gained mutation: Armour fits poorly on your strangely
                  | shaped body. [Xom's mischief]
  1583 | D:2      | Gained mutation: You are weak. (Str -2) [Xom's mischief]
  1601 | D:2      | 1601 ||| SWAPPING to +0 war axe.
  1602 | D:2      | 1602 ||| DROPPING +0 hand axe of chaos.
  1647 | D:2      | Reached skill level 5 in Axes
  1950 | D:2      | XOM: summons 6 hostile demons
  1951 | D:2      | Noticed an orange demon
  1953 | D:2      | HP: 6/27 [iron imp[Xom] (3)]
  1954 | D:2      | Mangled by an orange demon

Levels and vault maps discovered:
D:1:      spicycebolla_arrival_clurvy, layout_loops_ring, minmay_quantized
D:2:      layout_basic, basic_altar, shapermc_ecumenical_altar_petra,
          grunt_decor_one_mirror

Skill      XL: |  1  2  3 |
---------------+----------+-----
Axes           | 4 5 |  5.1
Fighting       | |  3.6
Armour         | |  2.4
Dodging        | |  1.1

Action                   || total
-------------------------++-------
Melee: Hand axe          ||   100
       War axe           ||    23
       Punch             ||     1
Invok: Renounce Religion ||     1
  Use: Scroll            ||     5
 Stab: Held in net/web   ||     1
       Paralysed         ||     1
Armor: Leather armour    ||    39
Dodge: Dodged            ||    56
Block: Other             ||     6

Table legend:
 A = Non-vault XP
 B = Vault XP
 C = Vault XP percentage of total XP
 D = Non-vault monster count
 E = Vault monster count
 F = Vault count percentage of total count
                 A         B        C        D         E       F
            +---------+---------+-------+---------+---------+-------
      Total |      65 |       7 |   9.7 |      35 |       4 |  10.3
            +---------+---------+-------+---------+---------+-------
        D:1 |      41 |       7 |  14.6 |      24 |       4 |  14.3
        D:2 |      24 |       0 |   0.0 |      11 |       0 |   0.0
            +---------+---------+-------+---------+---------+-------
